 Dungeon Crawl Stone Soup version 0.16-a0-2296-gdce89d5 (webtiles) character file.

805 PolkaDot the Cleaver (level 7, -3/62 HPs)
             Began as a Hill Orc Gladiator on Nov 16, 2014.
             Was an Initiate of Beogh.
             Slain by a sky beast (5 damage)
             ... on level 5 of the Dungeon.
             The game lasted 00:12:34 (6242 turns).

PolkaDot the Cleaver (Hill Orc Gladiator)           Turns: 6242, Time: 00:12:35

Health: -3/62      AC:  4    Str: 18    XL:     7   Next: 91%
Magic:  11/11      EV: 12    Int:  8    God:    Beogh [......]
Gold:   151        SH:  0    Dex: 13    Spells: 0 memorised, 6 levels left

rFire  + . .     SeeInvis .     a - +0 war axe
rCold  . . .     Clarity  .     B - +0 leather armour {rF+}
rNeg   . . .     SustAb   .     (no shield)
rPois  +         Gourm    +     c - +0 helmet
rElec  .         Spirit   .     (no cloak)
rCorr  .         Warding  .     (no gloves)
rMut   .         Stasis   .     (no boots)
MR     .....                    g - amulet of the gourmand
Stlth  +.........               p - ring of poison resistance
                                (no ring)

@: confused, not resistant to hostile enchantments, very unstealthy
A: no striking features
a: Renounce Religion


You were on level 5 of the Dungeon.
You worshipped Beogh.
Beogh was noncommittal.
You were very full.

You visited 1 branch of the dungeon, and saw 5 of its levels.
You also visited: Sewer.

You collected 151 gold pieces.

Inventory:

Hand weapons
 a - a +0 war axe (weapon)
Missiles
 d - 3 throwing nets (quivered)
Armour
 c - a +0 helmet (worn)
 B - a +0 leather armour of fire resistance (worn)
Jewellery
 e - an uncursed amulet of rage
 g - an amulet of the gourmand (around neck)
 h - an uncursed ring of teleportation
 p - a ring of poison resistance (right hand)
 x - an uncursed amulet of resist mutation
Magical devices
 l - a wand of paralysis (1)
Scrolls
 b - a scroll of random uselessness {unknown}
 n - 2 scrolls of identify
 o - a scroll of enchant weapon {unknown}
 q - 3 scrolls of teleportation {unknown}
 r - a scroll of magic mapping
 s - a scroll of recharging {unknown}
 t - a scroll of amnesia {unknown}
 w - a scroll of blinking {unknown}
 y - a scroll of remove curse
 z - a scroll of enchant armour {unknown}
Potions
 i - a potion of cancellation
 u - a potion of flight
 v - 3 potions of poison
 A - 2 potions of restore abilities
Comestibles
 f - a meat ration
 j - 4 bread rations
 k - 2 beef jerkies


   Skills:
 + Level 5.7 Fighting
 * Level 8.9 Axes
 - Level 2.0 Throwing
 - Level 1.0 Armour
 - Level 2.4 Dodging
 + Level 4.0 Evocations


You had 6 spell levels left.
You didn't know any spells.

Dungeon Overview and Level Annotations

Branches:
Dungeon (5/15)
 Temple: D:4-7

Altars:
Cheibriados
Gozag
Nemelex Xobeh
Trog
Vehumet
Xom
Yredelemnul
Zin


Message History

* * * LOW HITPOINT WARNING * * *
You slash something! Something hits you.
* * * LOW HITPOINT WARNING * * *
Something shocks you.
* * * LOW HITPOINT WARNING * * *
Drink which item? (? for menu, Esc to quit)
You are confused.
It was a potion of confusion.
A sky beast appears from thin air!
Reactivating autopickup.
The sky beast hits you.
* * * LOW HITPOINT WARNING * * *
The sky beast shocks you.
* * * LOW HITPOINT WARNING * * *
Drink which item? (? for menu, Esc to quit)
Okay, then.
Unknown command.
You swing at nothing.
The sky beast hits you.
* * * LOW HITPOINT WARNING * * *
The sky beast shocks you.
You die...

#.######### #.# #.# #####
#######.#### ##...##
#..........#
#######.###.###..........#
#............(...........######
#.#####.###.#...=..............
#.# ##...##.@Y............รท..
#.# ########)...........####
#<# ###..........#.## #.#
##...............# #.#
##...####....#.#..# #.#
#..###..###.......# #.#
#.##......##.###..# #.#
#.)..).......# #..# #.#
#....).......# #..###


You could see a sky beast.

Vanquished Creatures
  A phantom (D:5)
  A big kobold (Sewer)
  A scorpion (D:5)
  A water moccasin zombie (D:5)
  3 jellies (D:5)
  2 hounds (D:5)
  A giant frog skeleton (D:5)
  An orc wizard (D:4)
  4 worker ants
  Ijyb (D:3)
  4 adders
  4 giant mites
  3 worms
  3 giant geckos
  3 oozes
  10 orcs
  4 ball pythons
  14 goblins
  13 hobgoblins
  10 jackals
  15 kobolds
  2 quokkas
  11 bats
  3 giant cockroaches
  2 giant newts
  17 rats
134 creatures vanquished.

Vanquished Creatures (others)
  A water moccasin (D:5)
  An iguana (D:5)
  A hound zombie (D:5)
  An orc (D:5)
  A giant cockroach (D:5)
  A goblin (D:5)
  A hobgoblin (D:2)
  2 jackals (D:5)
  A ball python (D:2)
  A kobold (D:2)
11 creatures vanquished.

Grand Total: 145 creatures vanquished

Notes
Turn   | Place    | Note
--------------------------------------------------------------
     0 | D:1      | PolkaDot, the Hill Orc Gladiator, began the quest for the Orb.
     0 | D:1      | Reached XP level 1. HP: 18/18 MP: 1/1
   229 | D:1      | Reached XP level 2. HP: 18/25 MP: 2/2
   460 | D:1      | Reached skill level 1 in Armour
   922 | D:1      | Reached XP level 3. HP: 30/30 MP: 3/3
  1234 | D:2      | Found a basalt altar of Yredelemnul.
  1236 | D:2      | Reached skill level 1 in Evocations
  1546 | D:2      | Reached skill level 5 in Axes
  1697 | D:2      | Found a glowing silver altar of Zin.
  1793 | D:2      | Reached XP level 4. HP: 36/38 MP: 5/5
  1897 | D:2      | Found a bloodstained altar of Trog.
  2383 | D:2      | Found a radiant altar of Vehumet.
  2822 | D:3      | Found a glowing drain.
  2866 | Sewer    | Entered a sewer
  2886 | Sewer    | Found a white marble altar of Elyvilon.
  2900 | Sewer    | Noticed a big kobold
  2918 | Sewer    | Killed a big kobold
  2918 | Sewer    | Reached skill level 6 in Axes
  2918 | Sewer    | Reached XP level 5. HP: 29/46 MP: 6/6
  3246 | D:3      | Found a snail-covered altar of Cheibriados.
  3265 | D:3      | Noticed Ijyb
  3269 | D:3      | Paralysed by Ijyb for 3 turns
  3274 | D:3      | Paralysed by Ijyb for 3 turns
  3279 | D:3      | Killed Ijyb
  3542 | D:3      | Found a shimmering altar of Xom.
  4002 | D:4      | Reached XP level 6. HP: 45/52 MP: 8/8
  4066 | D:4      | Found an opulent altar of Gozag.
  4550 | D:4      | Found a sparkling altar of Nemelex Xobeh.
  4686 | D:5      | Entered Level 5 of the Dungeon
  4712 | D:5      | Reached skill level 7 in Axes
  5017 | D:5      | Reached XP level 7. HP: 40/60 MP: 10/10
  5086 | D:5      | Became a worshipper of Beogh the Brigand
  5098 | D:5      | Reached skill level 5 in Fighting
  5102 | D:5      | HP: 1/91 [acid (15)]
  5103 | D:5      | Reached skill level 8 in Axes
  5157 | D:5      | Killed a water moccasin
  5572 | D:5      | HP: 3/61 [hobgoblin/club (3)]
  6241 | D:5      | HP: 3/62 [sky beast (5)]
  6242 | D:5      | Slain by a sky beast

Action                   |  1- 3 |  4- 6 |  7- 9 || total
-------------------------+-------+-------+-------++-------
Melee: War axe           |   106 |   269 |   103 ||   478
Invok: Convert to Beogh  |       |       |     1 ||     1
Evoke: Wand              |       |       |     1 ||     1
  Use: Scroll            |       |     8 |       ||     8
       Potion            |       |       |     9 ||     9
 Stab: Paralysed         |       |       |     2 ||     2
  Eat: Chunk             |     3 |    21 |     3 ||    27
